 Dungeon Crawl Stone Soup version 0.30-a0-373-gd37427bb62 (webtiles) character file.

Game seed: 13740788045844246760

216542 billz999 the Deadly Accurate (level 19, -7/136 HPs)
             Began as a Gnoll Hunter on Nov 23, 2022.
             Was the Champion of Hepliaklqana.
             Killed from afar by a shock serpent (21 damage)
             ... with a bolt of electricity
             ... on level 4 of the Snake Pit.
             The game lasted 01:43:21 (32045 turns).

billz999 the Deadly Accurate (Gnoll Hunter)        Turns: 32045, Time: 01:43:23

Health: -7/136     AC: 17    Str: 32    XL:     19   Next: 5%
Magic:  36/36      EV: 27    Int:  6    God:    Hepliaklqana [******]
Gold:   731        SH:  0    Dex: 32    Spells: 30/44 levels left

rFire   + + +      SeeInvis .    Q - +9 broad axe of Yeast {vorpal, Str+3 Dex+6}
rCold   + + .      Faith    .    (no shield)
rNeg    + + .      Spirit   .    r - +3 ring mail of Ignis's Outrage {-Cast rF+++ Str+5}
rPois   .          Reflect  .    N - +1 hat {Stlth+}
rElec   .          Harm     .    Y - scarf {rC+ rF+}
rCorr   .          Rampage  .    J - +0 pair of gloves of Divine Compulsion {rPois Str+3 Dex+2}
Will    +....      NoCast   +    o - +2 pair of boots "Subiwuixt" {Slay+5}
Stlth   +++++++...               M - amulet of the Louse {rPois rF++ rN+ Regen+ Int-2}
HPRegen 1.22/turn                U - ring "Heme" {rF++ rN+ Str+6}
MPRegen 0.25/turn                G - ring "Falasat" {rC+ Str+4 Slay+5}

@: lethally poisoned (-7 -> -10), poison vulnerable, slowed, studying 2 skills,
very slow
A: reduced essence, fangs 1, strong nose, distributed training
}: 1/15 runes: barnacled
a: Renounce Religion, Recall Ancestor, Ancestor Identity, Transference, Idealise


You were on level 4 of the Snake Pit.
You worshipped Hepliaklqana.
Hepliaklqana was exalted by your worship.
You visited 5 branches of the dungeon, and saw 30 of its levels.
You also visited: Gauntlet and Ice Cave.

You collected 3858 gold pieces.
You spent 3127 gold pieces at shops.

Inventory:

Hand Weapons
 a - a +9 shortbow of electrocution
 b - the +9 spear of Caluass {spect, rN+ Str-2 Dex+3}
   (You found it on level 5 of the Lair of Beasts)

   When its wielder attacks, the weapon's spirit leaps out and strikes again.
   The spirit shares a part of any damage it takes with its wielder.
   Str:       It affects your strength (-2).
   Dex:       It affects your dexterity (+3).
   rN:        It protects you from negative energy.
 v - the +8 war axe of Mysiog {freeze, rElec rPois}
   (You found it on level 2 of the Lair of Beasts)

   It freezes those it strikes, dealing additional cold damage.
   It can also slow down cold-blooded creatures.
   rElec:     It insulates you from electricity.
   rPois:     It protects you from poison.
 I - the +10 long sword of the Blushing Stork {vorpal, *Corrode rF+ Str+4 Int+6}
   (You found it on level 2 of the Shoals)

   It inflicts extra damage upon your enemies.
   Str:       It affects your strength (+4).
   Int:       It affects your intelligence (+6).
   rF:        It protects you from fire.
   *Corrode:  It may corrode you when you take damage.
 P - the +11 quarterstaff of the Maze {vorpal, rF+ rCorr Int+2}
   (You found it on level 1 of the Lair of Beasts)

   It inflicts extra damage upon your enemies.
   Int:       It affects your intelligence (+2).
   rF:        It protects you from fire.
   rCorr:     It protects you from acid and corrosion.
 Q - the +9 broad axe of Yeast (weapon) {vorpal, Str+3 Dex+6}
   (You took it off a minotaur in a Gauntlet)

   It inflicts extra damage upon your enemies.
   Str:       It affects your strength (+3).
   Dex:       It affects your dexterity (+6).
Missiles
 C - 6 throwing nets
Armour
 o - the +2 pair of boots "Subiwuixt" (worn) {Slay+5}
   (You found it in a Gauntlet)

   Slay:      It affects your accuracy & damage with ranged weapons and melee
   (+5).
 r - the +3 ring mail of Ignis's Outrage (worn) {-Cast rF+++ Str+5}
   (You bought it in a shop on level 2 of the Orcish Mines)

   Str:       It affects your strength (+5).
   rF:        It renders you almost immune to fire.
   -Cast:     It prevents spellcasting.
 J - the +0 pair of gloves of Divine Compulsion (worn) {rPois Str+3 Dex+2}
   (You found it on level 13 of the Dungeon)

   Str:       It affects your strength (+3).
   Dex:       It affects your dexterity (+2).
   rPois:     It protects you from poison.
 N - a +1 hat of stealth (worn)
 Y - a scarf of resistance (worn)
Jewellery
 g - a ring of protection from cold
 j - a ring of positive energy
 m - a ring of resist corrosion
 G - the ring "Falasat" (right hand) {rC+ Str+4 Slay+5}
   (You acquired it on level 15 of the Dungeon)

   [ring of protection from cold]

   Str:       It affects your strength (+4).
   Slay:      It affects your accuracy & damage with ranged weapons and melee
   (+5).
   rC:        It protects you from cold.
 M - the amulet of the Louse (around neck) {rPois rF++ rN+ Regen+ Int-2}
   (You found it on level 8 of the Dungeon)

   [amulet of regeneration]

   Int:       It affects your intelligence (-2).
   rF:        It greatly protects you from fire.
   rPois:     It protects you from poison.
   rN:        It protects you from negative energy.
   Regen:     It increases your rate of health regeneration.
 U - the ring "Heme" (left hand) {rF++ rN+ Str+6}
   (You bought it in a shop on level 1 of the Orcish Mines)

   [ring of strength]

   Str:       It affects your strength (+6).
   rF:        It greatly protects you from fire.
   rN:        It protects you from negative energy.
Wands
 y - a wand of polymorph (6)
 A - a wand of quicksilver (1)
 E - a wand of mindburst (21)
 X - a wand of digging (6)
Scrolls
 d - 4 scrolls of fear
 f - 14 scrolls of teleportation
 h - 2 scrolls of blinking
 l - 6 scrolls of fog
 n - 2 scrolls of magic mapping
 s - 2 scrolls of silence
 t - 7 scrolls of amnesia
 u - 7 scrolls of enchant armour
 D - 2 scrolls of summoning
 R - a scroll of enchant weapon
 S - 4 scrolls of immolation
Potions
 c - a potion of resistance
 e - 6 potions of attraction
 i - 5 potions of brilliance
 p - 4 potions of lignification
 q - 18 potions of curing
 w - 4 potions of heal wounds
 x - a potion of invisibility
 z - 7 potions of mutation
 F - 4 potions of flight
 H - 6 potions of haste
 K - 9 potions of ambrosia
 L - 6 potions of might
 O - a potion of magic
 T - 2 potions of cancellation
 V - 4 potions of berserk rage
Miscellaneous
 k - a phantom mirror
 B - a box of beasts
 W - a condenser vane
 Z - a lightning rod (4/4)


   Skills:
 + Level 14.0 Fighting
 + Level 13.2 Short Blades
 + Level 17.4 Long Blades
 + Level 13.2 Axes
 + Level 13.2 Maces & Flails
 + Level 13.2 Polearms
 + Level 13.2 Staves
 + Level 15.5 Ranged Weapons
 + Level 18.1 Throwing
 + Level 13.2 Armour
 + Level 14.0 Dodging
 + Level 13.4 Stealth
 + Level 13.2 Shields
 + Level 13.2 Unarmed Combat
 + Level 13.2 Spellcasting
 + Level 11.2 Conjurations
 + Level 11.2 Hexes
 + Level 11.2 Summonings
 + Level 11.2 Necromancy
 + Level 11.2 Translocations
 + Level 11.2 Transmutations
 + Level 11.2 Fire Magic
 + Level 11.2 Ice Magic
 + Level 11.2 Air Magic
 + Level 11.2 Earth Magic
 + Level 11.2 Poison Magic
 + Level 14.3 Invocations
 + Level 13.2 Evocations


You had 30 spell levels left.
You knew the following spells:

 Your Spells              Type           Power      Damage    Failure   Level
a - Mephitic Cloud        Conj/Pois/Air  17%        N/A       1%          3
b - Irradiate             Conj/Tmut      8%         3d14      4%          5
c - Statue Form           Tmut/Erth      11%        N/A       26%         6

Your spell library contained the following spells:

 Spells                   Type           Power      Damage    Failure   Level
 Apportation              Tloc           34%        N/A       1%          1
 Beastly Appendage        Tmut           34%        N/A       1%          1
 Foxfire                  Conj/Fire      68%        2x1d7     1%          1
 Magic Dart               Conj           68%        1d6       1%          1
 Necrotise                Necr           68%        1d7       1%          1
 Slow                     Hex            68%        N/A       1%          1
 Sting                    Tmut/Pois      68%        1d6       1%          1
 Summon Small Mammal      Summ           68%        N/A       1%          1
 Call Imp                 Summ           17%        N/A       1%          2
 Cigotuvi's Dreadful Rot  Necr/Pois/Air  34%        N/A       1%          2
 Poisonous Vapours        Pois/Air       34%        N/A       1%          2
 Sublimation of Blood     Necr           17%        N/A       1%          2
 Wereblood                Tmut           17%        N/A       1%          2
 Confusing Touch          Hex            17%        N/A       1%          3
 Ozocubu's Armour         Ice            17%        N/A       1%          3
 Portal Projectile        Hex/Tloc       34%        N/A       1%          3
 Summon Guardian Golem    Hex/Summ       17%        N/A       1%          3
 Tukima's Dance           Hex            17%        N/A       1%          3
 Vampiric Draining        Necr           17%        2d7       1%          3
 Airstrike                Air            8%         2d(2-18)  1%          4
 Leda's Liquefaction      Hex/Erth       8%         N/A       1%          4
 Olgreb's Toxic Radiance  Pois           17%        N/A       1%          4
 Agony                    Necr           17%        N/A       4%          5
 Blade Hands              Tmut           8%         N/A       4%          5
 Fireball                 Conj/Fire      8%         3d6       4%          5
 Metabolic Englaciation   Hex/Ice        8%         N/A       4%          5
 Simulacrum               Ice/Necr       8%         N/A       26%         6
 Starburst                Conj/Fire      8%         6d4       26%         6
 Summon Hydra             Summ           8%         N/A       80%         7
 Discord                  Hex            8%         N/A       100%        8


Dungeon Overview and Level Annotations

Branches:
Dungeon (15/15)            Temple (0/1) D:7            Lair (5/5) D:9
 Shoals (4/4) Lair:3        Snake (4/4) Lair:2        Slime (0/5) Lair:5
    Orc (2/2) D:11            Elf (0/3) Orc:2        Vaults (0/5) D:14
 Depths (0/4) D:15          IceCv (visited)         Gauntlet (visited)

Altars:
Ashenzari
Gozag
Hepliaklqana
Kikubaaqudgha
Makhleb
Okawaru
Ru
Sif Muna
Wu Jian
Xom
Yredelemnul
The Shining One
Jiyva

Shops:
D:6 *   Orc:1 =[?*[   Orc:2 (![[   Shoals:2 !   Shoals:4 !*   Snake:1 :=:

Annotations:
D:9 1 runed translucent door
D:10 2 transporters, jfcaron's ghost, journeyman MeFi
D:14 exclusion: ice statue
D:15 2 transporters, McGhostyFace's ghost, adept GnWn
Shoals:4 1 runed translucent door, FizzleBangTC's ghost, journeyman MeEE
Orc:1 1 runed translucent door, themarg's ghost, journeyman DrCj


Innate Abilities, Weirdness & Mutations

Your life essence is reduced to manifest your ancestor. (-10% HP)
You have very sharp teeth.
Your uncanny sense of smell can sniff out nearby items.
Your experience applies equally to all skills.


Message History

You kill the salamander!
You slash the naga warrior!
Flame seeps out of the naga warrior. x2
You feel very sick.
The guardian serpent is engulfed in blazing flames.
Flame seeps out of the guardian serpent.
The guardian serpent completely misses you.
A shock serpent comes into view.
The naga sharpshooter gestures wildly while chanting.
The naga sharpshooter magically shoots an arrow.
The arrow hits you!
The guardian serpent is engulfed in blazing flames.
Flame seeps out of the guardian serpent.
The guardian serpent casts a spell at you.
The bolt of poison hits you.
You are more poisoned.
* * * LOW HITPOINT WARNING * * *
The naga warrior is engulfed in blazing flames.
Flame seeps out of the naga warrior.
The naga warrior hits you with a +0 scimitar!!
* * * LOW HITPOINT WARNING * * *
The naga warrior misses you.
Your Fighting skill increases to level 14!
Your Dodging skill increases to level 14!
Okay, then.
Blink to where?
Press: ? - help, Dir - move target
As you read the scroll of blinking, it crumbles to dust.
You feel extremely sick.
The guardian serpent casts a spell at you.
Okay, then.
Okay, then.
Unknown command.
Okay, then.
Blink to where?
Press: ? - help, Dir - move target
As you read the scroll of blinking, it crumbles to dust.
You feel very sick.
The shock serpent shoots out a bolt of lightning at you!
The bolt of electricity hits you!!
You die...

.........###................
#.#####.....
..........S..... N.
...##.#................ N..
#.###.................. ...
#.#...).R....N.N.......
##...#. .......N........
.......##......)N).....#
........##....☼S§)○§..#
#@##....§§§§§####
#........§§§§#
.............#
#####.........# #.........#
#....N....# #...SNN...#
#...†N....# ##.......##


You could see a naga sharpshooter (inner flame, strong), a shock serpent and 2
nagas.

Vanquished Creatures
  Nikola (Snake:2)
  Gastronok (D:8)
  Agnes (D:15)
  Kirke (D:14)
  Ilsuiw (Shoals:4)
  A nagaraja (Snake:3)
  Aizul (Snake:2)
  A minotaur (Gauntlet)
  An ettin (Orc:2)
  6 merfolk impalers
  7 merfolk javelineers
  Snorg (D:11)
  Fannar (D:11)
  Harold (Lair:2)
  A salamander tyrant (Snake:3)
  6 boulder beetles
  An alligator snapping turtle (Shoals:4)
  A hell beast (Gauntlet)
  2 vault guards (D:14)
  4 hydras
  An ogre mage (Orc:2)
  A catoblepas (Lair:5)
  13 two-headed ogres
  A centaur warrior (D:14)
  4 naga warriors
  9 satyrs
  6 anacondas
  2 death knights
  A tengu warrior (D:14)
  A death yak (Gauntlet)
  4 shock serpents
  2 naga sharpshooters
  9 skeletal warriors
  Nergalle (D:11)
  A storm dragon zombie (D:15)
  2 deep trolls (Orc:2)
  2 salamander mystics
  6 naga ritualists
  17 sea snakes
  A deep troll (shapeshifter) (Gauntlet)
  3 lindwurms (D:9)
  An orc knight (Orc:1)
  A wizard (D:14)
  A phantasmal warrior (D:15)
  3 ugly things
  A wolf spider zombie (D:14)
  2 deep elf pyromancers
  15 harpies
  2 necromancers
  2 orc sorcerers (Orc:1)
  19 fauns
  9 mana vipers
  9 manticores
  7 cyclopes
  11 salamanders
  2 centaur zombies (D:14)
  5 elephants
  5 water nymphs
  6 merfolk sirens
  37 black mambas
  A torpor snail (Lair:5)
  10 naga magi
  2 minotaur zombies (Gauntlet)
  A gargoyle (D:12)
  4 komodo dragons
  A rime drake (Lair:4)
  8 cane toads
  Maggie (D:6)
  5 ice devils (D:14)
  3 freezing wraiths (D:14)
  An unseen horror (D:11)
  A tengu conjurer (D:14)
  2 efreet
  13 trolls
  A queen bee (Lair:3)
  16 merfolk
  3 hornets
  4 blink frogs (Lair:5)
  10 wind drakes
  6 polar bears
  6 dream sheep
  3 slime creatures (D:12)
  6 snapping turtles
  3 shadows
  An ettin zombie (D:15)
  9 spriggans (Lair:5)
  3 vampires
  31 yaks
  5 water elementals
  2 basilisks
  6 wyverns
  3 fire bats (Lair:1)
  7 wraiths
  14 humans (D:14)
  A hog (D:14)
  4 death yak simulacra (IceCv)
  A redback (shapeshifter) (Gauntlet)
  22 nagas
  A glowing shapeshifter zombie (D:15)
  A warg (Orc:2)
  15 water moccasins
  An acid dragon (D:10)
  A hornet zombie (D:14)
  9 orc warriors
  A meliai simulacrum (D:15)
  A sky beast (D:6)
  19 wolves
  22 ogres
  3 boggarts (Lair:5)
  A spectral rime drake (Gauntlet)
  A lemure (D:9)
  2 centaurs (D:6)
  5 kobold brigands
  6 bullfrogs
  2 cane toad simulacra (IceCv)
  A two-headed ogre simulacrum (IceCv)
  A gnoll sergeant (D:12)
  4 scorpions
  An elephant simulacrum (IceCv)
  28 killer bees
  A howler monkey (D:4)
  3 electric eels
  2 lava snakes (Lair:1)
  10 orc priests
  2 hounds (D:5)
  2 jellies
  A gnoll bouda (D:6)
  3 iguanas
  A boggart zombie (D:14)
  A hell rat (Lair:1)
  9 orc wizards
  A polar bear simulacrum (IceCv)
  A wolf simulacrum (IceCv)
  Robin (D:4)
  8 gnolls
  5 adders
  A shadow imp (D:8)
  6 ufetubi
  3 worms
  2 dart slugs (D:2)
  42 orcs
  5 endoplasms
  5 giant cockroaches
  14 hobgoblins
  19 kobolds
  7 quokkas
  7 ball pythons
  6 bats
  2 frilled lizards
  11 goblins
  2 rats (D:1)
794 creatures vanquished.

Vanquished Creatures (collateral kills)
  Rupert (Orc:2)
  Nessos (D:14)
  3 merfolk impalers
  2 merfolk javelineers (Shoals:4)
  Josephine (Lair:3)
  A hydra (D:13)
  2 ogre magi
  2 boulder beetles
  Erica (Lair:2)
  3 two-headed ogres (Orc:2)
  A naga warrior (Snake:1)
  A death scarab (Gauntlet)
  A death yak (Gauntlet)
  A shock serpent (Snake:2)
  6 skeletal warriors
  4 sea snakes
  A naga ritualist (Snake:2)
  Pikel (D:9)
  A lindwurm (D:9)
  A harpy (Shoals:4)
  An orc knight (D:15)
  A mana viper (Snake:1)
  An orc sorcerer (Orc:2)
  3 manticores
  2 fauns (Shoals:4)
  An ugly thing (D:15)
  5 salamanders
  2 elephants (Lair:5)
  2 centaur zombies (D:14)
  Maurice (D:10)
  A merfolk siren (Shoals:4)
  11 black mambas
  A guardian serpent (Snake:3)
  Joseph (D:8)
  2 water nymphs
  A cane toad (Lair:5)
  A rime drake (shapeshifter) (D:14)
  A rime drake (Lair:5)
  A freezing wraith (D:15)
  2 komodo dragons
  2 merfolk
  5 trolls
  A wind drake (Shoals:1)
  A polar bear (Lair:3)
  2 hornets (Lair:5)
  4 slime creatures (D:12)
  4 snapping turtles
  3 blink frogs (Lair:5)
  A dream sheep (Lair:5)
  A spriggan skeleton (D:15)
  A centaur simulacrum (D:14)
  A vampire (D:14)
  4 spriggans (Lair:5)
  A shadow (D:10)
  12 yaks
  7 humans (D:14)
  A water elemental (D:14)
  A wraith (Lair:3)
  3 wyverns
  A fire elemental (Lair:1)
  6 fire bats (Lair:1)
  5 vampire mosquitoes (D:11)
  2 nagas
  5 water moccasins
  2 orc warriors
  An ice beast (D:7)
  3 black bears (Lair:5)
  A sky beast (D:7)
  12 wolves
  A boggart (Lair:5)
  3 ogres (Orc:2)
  A centaur (D:9)
  Blork the orc (D:6)
  A kobold brigand (D:8)
  6 bullfrogs
  4 wights (D:8)
  A necrophage (D:6)
  6 killer bees
  3 electric eels
  A jelly (Gauntlet)
  2 orc wizards
  A spriggan simulacrum (IceCv)
  2 gnolls
  2 adders (D:5)
  3 ufetubi
  10 orcs
  9 kobolds
  A fire vortex (Lair:1)
227 creatures vanquished.

Vanquished Creatures (others)
  An anaconda (Snake:2)
  A harpy (Shoals:3)
  A mana viper (Snake:2)
  A naga mage (Snake:2)
  50 battlemagi
  3 ancestors
  21 fungi
  279 plants
  6 withered plants (D:15)
363 creatures vanquished.

Grand Total: 1384 creatures vanquished

Notes
Turn   | Place    | Note
-------+----------+-------------------------------------------
     0 | D:1      | billz999 the Gnoll Hunter began the quest for the Orb.
     0 | D:1      | Reached XP level 1. HP: 20/20 MP: 1/1
   278 | D:1      | Reached XP level 2. HP: 26/26 MP: 2/2
   747 | D:2      | Reached XP level 3. HP: 31/31 MP: 2/4
   806 | D:2      | Reached skill level 1 in Invocations
   982 | D:2      | Got Qiovien's Guide on the Storm
  1010 | D:2      | Reached skill level 1 in Short Blades
  1010 | D:2      | Reached skill level 1 in Long Blades
  1010 | D:2      | Reached skill level 1 in Axes
  1010 | D:2      | Reached skill level 1 in Maces & Flails
  1010 | D:2      | Reached skill level 1 in Polearms
  1010 | D:2      | Reached skill level 1 in Staves
  1010 | D:2      | Reached skill level 1 in Throwing
  1010 | D:2      | Reached skill level 1 in Armour
  1010 | D:2      | Reached skill level 1 in Shields
  1010 | D:2      | Reached skill level 1 in Unarmed Combat
  1010 | D:2      | Reached skill level 1 in Spellcasting
  1010 | D:2      | Reached skill level 1 in Evocations
  1081 | D:2      | Reached XP level 4. HP: 38/38 MP: 5/5
  1828 | D:3      | Reached skill level 1 in Conjurations
  1828 | D:3      | Reached skill level 1 in Hexes
  1828 | D:3      | Reached skill level 1 in Summonings
  1828 | D:3      | Reached skill level 1 in Necromancy
  1828 | D:3      | Reached skill level 1 in Translocations
  1828 | D:3      | Reached skill level 1 in Transmutations
  1828 | D:3      | Reached skill level 1 in Fire Magic
  1828 | D:3      | Reached skill level 1 in Ice Magic
  1828 | D:3      | Reached skill level 1 in Air Magic
  1828 | D:3      | Reached skill level 1 in Earth Magic
  1828 | D:3      | Reached skill level 1 in Poison Magic
  2192 | D:3      | Found a hazy altar of Hepliaklqana.
  2198 | D:3      | Became a worshipper of Hepliaklqana the Forgotten
  2249 | D:4      | Reached XP level 5. HP: 43/43 MP: 5/7
  2857 | D:4      | Found a burning altar of Makhleb.
  3086 | D:4      | Noticed Robin
  3092 | D:4      | Killed Robin
  3390 | D:5      | Entered Level 5 of the Dungeon
  3487 | D:5      | Reached XP level 6. HP: 50/50 MP: 8/8
  3533 | D:5      | Learned a level 3 spell: Mephitic Cloud
  3562 | D:5      | Reached skill level 5 in Fighting
  3562 | D:5      | Reached skill level 2 in Throwing
  3562 | D:5      | Reached skill level 5 in Dodging
  3616 | D:5      | Reached * piety under Hepliaklqana
  3720 | D:5      | Reached XP level 7. HP: 50/50 MP: 10/10
  3745 | D:5      | Reached skill level 3 in Throwing
  3876 | D:5      | Found a glowing golden altar of the Shining One.
  4406 | D:6      | Reached XP level 8. HP: 56/56 MP: 12/12
  4440 | D:6      | Found an opulent altar of Gozag.
  4442 | D:6      | Found Gozag's Platinum Reserve.
  4463 | D:6      | Found an ancient bone altar of Kikubaaqudgha.
  4680 | D:6      | Noticed Maggie
  4705 | D:6      | Killed Maggie
  4706 | D:6      | Reached skill level 4 in Throwing
  4789 | D:6      | Reached ** piety under Hepliaklqana
  4790 | D:6      | Remembered your ancestor Amyrtaeus as a battlemage
  4953 | D:6      | Noticed Blork the orc
  4959 | D:6      | Killed Blork the orc
  5526 | D:7      | Reached skill level 5 in Throwing
  5529 | D:7      | Found a staircase to the Ecumenical Temple.
  5541 | D:7      | Reached XP level 9. HP: 62/62 MP: 14/14
  5849 | D:7      | Reached *** piety under Hepliaklqana
  5949 | D:7      | Reached skill level 5 in Stealth
  6266 | D:8      | Noticed a hornet
  6273 | D:8      | Killed a hornet
  6274 | D:8      | Reached skill level 6 in Throwing
  6274 | D:8      | Reached skill level 5 in Invocations
  6609 | D:8      | Found a basalt altar of Yredelemnul.
  6665 | D:8      | Reached skill level 5 in Short Blades
  6665 | D:8      | Reached skill level 5 in Long Blades
  6665 | D:8      | Reached skill level 5 in Axes
  6665 | D:8      | Reached skill level 5 in Maces & Flails
  6665 | D:8      | Reached skill level 5 in Polearms
  6665 | D:8      | Reached skill level 5 in Staves
  6665 | D:8      | Reached skill level 5 in Armour
  6665 | D:8      | Reached skill level 5 in Shields
  6665 | D:8      | Reached skill level 5 in Unarmed Combat
  6665 | D:8      | Reached skill level 5 in Spellcasting
  6665 | D:8      | Reached skill level 5 in Evocations
  6665 | D:8      | Reached XP level 10. HP: 40/69 MP: 17/17
  6839 | D:8      | Reached skill level 10 in Ranged Weapons
  6966 | D:8      | Reached skill level 7 in Throwing
  7109 | D:8      | Identified the +0 plate armour of Agela {Str+4 Int+4}
  7197 | D:8      | Identified the amulet of the Louse {rPois rF++ rN+ Regen+
                  | Int-2}
  7199 | D:8      | Noticed Gastronok
  7201 | D:8      | Noticed Joseph
  7212 | D:8      | Killed Joseph
  7219 | D:8      | Killed Gastronok
  7574 | D:8      | Found a shimmering blue altar of Sif Muna.
  7829 | D:9      | Noticed Pikel
  7836 | D:9      | Killed Pikel
  7837 | D:9      | Reached skill level 8 in Throwing
  7856 | D:9      | Found a runed translucent door.
  7860 | D:9      | Noticed a two-headed ogre
  7862 | D:9      | Noticed a brown ugly thing
  7919 | D:9      | Reached skill level 5 in Conjurations
  7919 | D:9      | Reached skill level 5 in Hexes
  7919 | D:9      | Reached skill level 5 in Summonings
  7919 | D:9      | Reached skill level 5 in Necromancy
  7919 | D:9      | Reached skill level 5 in Translocations
  7919 | D:9      | Reached skill level 5 in Transmutations
  7919 | D:9      | Reached skill level 5 in Fire Magic
  7919 | D:9      | Reached skill level 5 in Ice Magic
  7919 | D:9      | Reached skill level 5 in Air Magic
  7919 | D:9      | Reached skill level 5 in Earth Magic
  7919 | D:9      | Reached skill level 5 in Poison Magic
  8129 | D:9      | Found a sacrificial altar of Ru.
  8129 | D:9      | Found a broken altar of Ashenzari.
  8129 | D:9      | Found an iron altar of Okawaru.
  8242 | D:9      | Noticed a lindwurm
  8249 | D:9      | Noticed a lindwurm
  8250 | D:9      | Noticed a lindwurm
  8254 | D:9      | Noticed a lindwurm
  8351 | D:9      | Killed a lindwurm
  8352 | D:9      | Reached XP level 11. HP: 76/76 MP: 20/20
  8366 | D:9      | Killed a lindwurm
  8394 | D:9      | Killed a lindwurm
  8405 | D:9      | Killed a lindwurm
  8499 | D:9      | Found a staircase to the Lair.
  8755 | D:10     | Entered Level 10 of the Dungeon
  9040 | D:10     | Reached **** piety under Hepliaklqana
  9078 | D:10     | Noticed Maurice
  9083 | D:10     | Killed Maurice
  9084 | D:10     | Reached skill level 9 in Throwing
  9395 | Lair:1   | Entered Level 1 of the Lair of Beasts
 10024 | Lair:1   | Reached XP level 12. HP: 49/84 MP: 22/22
 10040 | Lair:1   | Reached skill level 10 in Throwing
 10475 | Lair:1   | Identified the +11 quarterstaff of the Maze {vorpal, rF+
                  | rCorr Int+2}
 11281 | Lair:2   | Noticed a boulder beetle
 11290 | Lair:2   | Killed a boulder beetle
 11437 | Lair:2   | Noticed a four-headed hydra
 11440 | Lair:2   | Killed a four-headed hydra
 11467 | Lair:2   | Noticed Erica
 11472 | Lair:2   | Killed Erica
 11480 | Lair:2   | Noticed Harold
 11489 | Lair:2   | Killed Harold
 11523 | Lair:2   | Reached skill level 11 in Throwing
 11590 | Lair:2   | Found a staircase to the Snake Pit.
 11839 | Lair:2   | Identified the +8 war axe of Mysiog {freeze, rElec rPois}
 12101 | Lair:3   | Noticed Josephine
 12110 | Lair:3   | Killed Josephine
 12121 | Lair:3   | Reached XP level 13. HP: 90/90 MP: 25/25
 12132 | Lair:3   | Reached skill level 10 in Long Blades
 12290 | Lair:3   | Found a staircase to the Shoals.
 12502 | Lair:3   | Reached ***** piety under Hepliaklqana
 12950 | Lair:4   | Identified the +8 flail of Impermanence {venom, Str+4}
 13269 | Lair:4   | You fall into a shaft and drop 1 floor!
 13269 | Lair:5   | Entered Level 5 of the Lair of Beasts
 13413 | Lair:5   | Reached skill level 12 in Throwing
 13506 | Lair:5   | Found a viscous altar of Jiyva.
 13507 | Lair:5   | Found a staircase to the Slime Pits.
 13574 | Lair:5   | Reached skill level 10 in Fighting
 13574 | Lair:5   | Reached skill level 10 in Dodging
 14495 | Lair:5   | Reached XP level 14. HP: 99/99 MP: 27/27
 14500 | Lair:5   | Reached skill level 10 in Invocations
 15035 | Lair:5   | Identified the +9 spear of Caluass {spect, rN+ Str-2 Dex+3}
 15050 | Lair:5   | Reached skill level 13 in Throwing
 15739 | D:10     | Found a transporter.
 15743 | D:10     | Noticed jfcaron's ghost (journeyman MeFi)
 15787 | D:10     | Found a transporter.
 15898 | D:11     | Noticed Nergalle
 16229 | D:11     | Noticed Fannar
 16244 | D:11     | Killed Fannar
 16282 | D:11     | Reached skill level 10 in Stealth
 16410 | D:11     | Found a staircase to the Orcish Mines.
 16461 | D:11     | Noticed Snorg
 16469 | D:11     | Killed Snorg
 16625 | D:11     | Killed Nergalle
 16837 | Orc:1    | Entered Level 1 of the Orcish Mines
 16837 | Orc:1    | Found Kiz Qizea's Armour Shop.
 17489 | Orc:1    | You fall into a shaft and drop 1 floor!
 17489 | Orc:2    | Entered Level 2 of the Orcish Mines
 17531 | Orc:2    | Found a staircase to the Elven Halls.
 17654 | Orc:2    | Reached skill level 10 in Short Blades
 17654 | Orc:2    | Reached skill level 10 in Axes
 17654 | Orc:2    | Reached skill level 10 in Maces & Flails
 17654 | Orc:2    | Reached skill level 10 in Polearms
 17654 | Orc:2    | Reached skill level 10 in Staves
 17654 | Orc:2    | Reached skill level 10 in Armour
 17654 | Orc:2    | Reached skill level 10 in Shields
 17654 | Orc:2    | Reached skill level 10 in Unarmed Combat
 17654 | Orc:2    | Reached skill level 10 in Spellcasting
 17654 | Orc:2    | Reached skill level 10 in Evocations
 17654 | Orc:2    | Upgraded the game from 0.30-a0-371-gad7725a93e to
                  | 0.30-a0-373-gd37427bb62
 17703 | Orc:2    | Reached XP level 15. HP: 106/106 MP: 29/29
 17762 | Orc:2    | Reached skill level 14 in Throwing
 17814 | Orc:2    | Found Xawaragy's Antique Armour Shop.
 17815 | Orc:2    | Found Wefiah's Antique Armour Boutique.
 17816 | Orc:2    | Found Cefom's Distillery.
 17823 | Orc:2    | Bought a brightly glowing ring mail for 315 gold pieces
 17823 | Orc:2    | Identified the +3 ring mail of Ignis's Outrage {-Cast rF+++
                  | Str+5} (You bought it in a shop on level 2 of the Orcish
                  | Mines)
 17836 | Orc:2    | Found Cefar's Antique Weapon Boutique.
 17839 | Orc:2    | Bought a potion of curing for 42 gold pieces
 17839 | Orc:2    | Bought a potion of curing for 42 gold pieces
 17839 | Orc:2    | Bought a potion of curing for 42 gold pieces
 17844 | Orc:2    | Bought a scorched lajatang for 460 gold pieces
 17844 | Orc:2    | Identified the +3 lajatang of Fedhas's Inspiration {vorpal,
                  | Fly rElec rCorr Stlth+} (You bought it in a shop on level 2
                  | of the Orcish Mines)
 17844 | Orc:2    | Bought a steaming battleaxe for 264 gold pieces
 17844 | Orc:2    | Identified the +6 battleaxe "Beastbane" {protect, Will+
                  | rCorr Dex+2} (You bought it in a shop on level 2 of the
                  | Orcish Mines)
 17941 | Orc:2    | Noticed Rupert
 17948 | Orc:2    | Killed Rupert
 17985 | Orc:2    | Reached ****** piety under Hepliaklqana
 18290 | Orc:1    | Found Azov's Armour Shoppe.
 18334 | Orc:1    | Found Xietujir's Jewellery Shop.
 18338 | Orc:1    | Bought a scarf of resistance for 384 gold pieces
 18410 | Orc:1    | Found Janicsoi's Assorted Antiques.
 18418 | Orc:1    | Bought a potion of lignification for 63 gold pieces
 18418 | Orc:1    | Bought a scroll of teleportation for 63 gold pieces
 18419 | Orc:1    | Found Xomyozot's Magic Scroll Shop.
 18430 | Orc:1    | Bought a scroll of teleportation for 36 gold pieces
 18822 | Orc:1    | Found a runed translucent door.
 18822 | Orc:1    | Found a shimmering altar of Xom.
 18822 | Orc:1    | Noticed themarg's ghost (journeyman DrCj)
 18991 | D:12     | Found a frozen archway.
 18997 | IceCv    | Entered an ice cave
 20177 | D:13     | Found a gate leading to a gauntlet.
 20187 | Gauntlet | Entered a Gauntlet
 20187 | Gauntlet | Found a transporter.
 20197 | Gauntlet | Found a transporter.
 20199 | Gauntlet | Found a transporter.
 20200 | Gauntlet | Found a transporter.
 20211 | Gauntlet | Found a transporter.
 20211 | Gauntlet | Found a transporter.
 20212 | Gauntlet | Found a transporter.
 20223 | Gauntlet | Found a transporter.
 20224 | Gauntlet | Found a transporter.
 20225 | Gauntlet | Found a transporter.
 20237 | Gauntlet | Found a transporter.
 20238 | Gauntlet | Found a transporter.
 20246 | Gauntlet | Found a transporter.
 20270 | Gauntlet | Found a transporter.
 20283 | Gauntlet | Found a runed translucent door.
 20534 | Gauntlet | Identified the +2 pair of boots "Subiwuixt" {Slay+5}
 20623 | Gauntlet | Identified the +9 broad axe of Yeast {vorpal, Str+3 Dex+6}
 20650 | Gauntlet | Identified the +2 robe of Salvation {Harm Fly rPois Stlth+}
 21028 | D:13     | Identified the +0 pair of gloves of Divine Compulsion
                  | {rPois Str+3 Dex+2}
 21381 | D:14     | Reached XP level 16. HP: 107/114 MP: 30/30
 21388 | D:14     | Reached skill level 15 in Throwing
 21888 | D:14     | Found a gate to the Vaults.
 21996 | D:14     | Noticed Kirke
 22408 | D:14     | Killed Kirke
 22512 | D:14     | Noticed Nessos
 22518 | D:14     | Killed Nessos
 22778 | D:15     | Entered Level 15 of the Dungeon
 22778 | D:15     | Found a transporter.
 22924 | D:15     | Identified 2 scrolls of acquirement
 22924 | D:15     | Acquired 739 gold pieces
 22926 | D:15     | Acquired the ring "Falasat" {rC+ Str+4 Slay+5}
 23019 | Orc:1    | Bought the ring "Heme" {rF++ rN+ Str+6} for 1164 gold
                  | pieces
 23107 | D:15     | Noticed McGhostyFace's ghost (adept GnWn)
 23171 | D:15     | Found an ornate altar of the Wu Jian Council.
 23306 | D:15     | Found a staircase to the Depths.
 23397 | D:15     | Found a transporter.
 23508 | D:15     | Noticed Agnes
 23515 | D:15     | Killed Agnes
 23578 | D:15     | Identified the ring of Xoqantar {Wiz Fly Int+4}
 24111 | Snake:1  | Entered Level 1 of the Snake Pit
 24157 | Snake:1  | Found Imunur's Book Shoppe.
 24157 | Snake:1  | Found Yrhaf's Jewellery Boutique.
 24158 | Snake:1  | Found Tulougg's Book Shoppe.
 24231 | Snake:1  | Reached skill level 15 in Long Blades
 24437 | Snake:1  | Reached skill level 16 in Throwing
 24493 | Snake:1  | Reached XP level 17. HP: 115/121 MP: 32/32
 24974 | Snake:2  | Noticed Aizul
 24980 | Snake:2  | Killed Aizul
 25146 | Snake:2  | Reached skill level 10 in Conjurations
 25146 | Snake:2  | Reached skill level 10 in Hexes
 25146 | Snake:2  | Reached skill level 10 in Summonings
 25146 | Snake:2  | Reached skill level 10 in Necromancy
 25146 | Snake:2  | Reached skill level 10 in Translocations
 25146 | Snake:2  | Reached skill level 10 in Transmutations
 25146 | Snake:2  | Reached skill level 10 in Fire Magic
 25146 | Snake:2  | Reached skill level 10 in Ice Magic
 25146 | Snake:2  | Reached skill level 10 in Air Magic
 25146 | Snake:2  | Reached skill level 10 in Earth Magic
 25146 | Snake:2  | Reached skill level 10 in Poison Magic
 25350 | Snake:2  | Noticed Nikola
 25366 | Snake:2  | Killed Nikola
 27628 | Shoals:1 | Entered Level 1 of the Shoals
 27866 | Shoals:1 | Reached skill level 17 in Throwing
 28050 | Shoals:1 | Reached XP level 18. HP: 99/128 MP: 34/34
 28511 | Shoals:2 | Acquired the Quarto of Variation and Guile
 28519 | Shoals:2 | Learned a level 5 spell: Irradiate
 28526 | Shoals:2 | Learned a level 6 spell: Statue Form
 28622 | Shoals:2 | Found Fepant's Distillery.
 28631 | Shoals:2 | Bought a potion of invisibility for 96 gold pieces
 28631 | Shoals:2 | Bought a potion of haste for 120 gold pieces
 28631 | Shoals:2 | Bought a potion of curing for 36 gold pieces
 28971 | Shoals:2 | Identified the +10 long sword of the Blushing Stork
                  | {vorpal, *Corrode rF+ Str+4 Int+6}
 29239 | Shoals:3 | Reached skill level 15 in Ranged Weapons
 30315 | Shoals:4 | Entered Level 4 of the Shoals
 30333 | Shoals:4 | Noticed FizzleBangTC's ghost (journeyman MeEE)
 30333 | Shoals:4 | Found a runed translucent door.
 30607 | Shoals:4 | Found Lupifaopn's CLEARANCE SALE!.
 30765 | Shoals:4 | Identified the ring "Derhar" {Ice Str+3}
 30942 | Shoals:4 | Noticed Ilsuiw
 31050 | Shoals:4 | Killed Ilsuiw
 31170 | Shoals:4 | Found Lieseg's Distillery.
 31357 | Shoals:4 | Reached skill level 18 in Throwing
 31360 | Shoals:4 | Got a barnacled rune of Zot
 31452 | Shoals:4 | Identified the +3 plate armour "Givaapn" {Dex+6}
 31878 | Snake:4  | Entered Level 4 of the Snake Pit
 32039 | Snake:4  | Reached XP level 19. HP: 110/135 MP: 36/36
 32045 | Snake:4  | Killed from afar by a shock serpent

Illustrated notes

Levels and vault maps discovered:
D:1:      dpeg_arrival_windows_large_door, layout_loops_ring, st_stairs_7,
          grunt_decor_resistance
D:2:      layout_basic, chequers_decorated_corner, minmay_bisected
D:3:      layout_basic, nzn_hepliaklqana_mist_gate
D:4:      layout_cave_pods, general_overflow_altar, grunt_decor_mini_mirrors,
          uniq_robin
D:5:      layout_layer_cave, mainiacjoe_overflow_catwalk
D:6:      layout_loops_corners, nicolae_gozag_zags_fifth_avenue,
          kiku_gazebo_garden_becter, grunt_decor_cap, uniq_maggie,
          uniq_blork_the_orc
D:7:      layout_cave_pods, minmay_temple_entry_overgrown, serial_column_ruins,
          column_ruins_corridor_straight, column_ruins_columns_straight,
          column_ruins_open_medium_water, column_ruins_open_medium_water,
          column_ruins_open_tiny
D:8:      layout_rooms, lemuel_blue_sif_altar,
          mainiacjoe_overflow_surrounded_room, roderic_lattice_a, uniq_joseph,
          uniq_gastronok
D:9:      layout_gridville, gammafunk_temple_overflow_claw,
          grunt_lair_entry_orc_guard_hut, minmay_st_funbox,
          minmay_lindwurm_lava, uniq_pikel
D:10:     layout_basic, gammafunk_ghost_berserking_beasts,
          kennysheep_generic_room_9, uniq_maurice
D:11:     layout_roguey, uniq_nergalle, uniq_fannar, uniq_snorg
D:12:     layout_loops_ring, portal_ice_cave_entry_pillars_1
D:13:     layout_long_grid, gauntlet_entry_generic
D:14:     cheibrodos_frozen_isle, layout_loops_ring, grunt_vaults_entry_tiered,
          serial_undead, serial_undead_e, serial_undead_e, serial_undead_d,
          serial_undead_d, serial_bayou_shore_a, uniq_kirke, uniq_nessos
D:15:     gammafunk_depths_entry_grave, layout_stronghold,
          gammafunk_ghost_stat_death, hangedman_decor_points,
          pdpol_wu_jian_five_deadly_venoms, uniq_agnes
Lair:1:   layout_chaotic_city, serial_bayou, serial_bayou_ford_a,
          serial_bayou_pond_b, serial_bayou_lagoon_b, serial_bayou_pond_b,
          serial_bayou_crossing, serial_bayou_shore_b
Lair:2:   layout_loops_ring, minmay_snake_entry_guardpost_small,
          nzn_sisyphean_effort, uniq_harold, uniq_erica
Lair:3:   layout_roguey [special_room_bee], elwin_shoals_entry_rocks,
          hibernation_bobbens, grunt_megastairs_4, infiniplex_staircase_pool_2,
          lemuel_fruit_tree, uniq_josephine
Lair:4:   layout_misc_corridors
Lair:5:   minmay_lair_end_enchanted_forest, layout_cave_pods, slime_entry_1,
          hangedman_lair_unloving_vines, st_stairs_11, grunt_megastairs_5
Shoals:1: layout_shoals
Shoals:2: layout_shoals, serial_shops, shop
Shoals:3: layout_shoals
Shoals:4: shoals_end_grunt_garden, layout_shoals, shoals_ilsuiw_alternative,
          ebering_ghost_reflecting_pool, serial_shops, nicolae_shop_trees,
          nicolae_shop_clearance
Snake:1:  layout_basic, minmay_shop_grove
Snake:2:  layout_layer_cave, nicolae_triple_integral, serial_bayou_shore_b,
          uniq_nikola, uniq_aizul
Snake:3:  layout_misc_corridors, serial_bayou, serial_bayou_lake_a,
          serial_bayou_pond_e, serial_bayou_shore_b, serial_bayou_lagoon_a
Snake:4:  snake_pit_salamanders_mu, layout_rooms, uniq_bai_suzhen, uniq_mara
Orc:1:    layout_caves, serial_shops, nicolae_shop_stone, shop,
          nicolae_shop_temple_entry_statues_fountains, nicolae_shop_trees,
          shop_fountains, ebering_ghost_xom, minmay_orc_temple_b
Orc:2:    st_orc_open, layout_caves, uniq_rupert

Skill      XL: |  1  2  3  4  5  6  7  8  9 10 11 12 13 14 15 16 17 18 19 |
---------------+----------------------------------------------------------+-----
Invocations    | 1 2 3 4 5 6 7 8 9 10 11 12 13 14 | 14.3
Short Blades   | 1 2 3 5 6 7 8 9 10 11 12 13 | 13.2
Long Blades    | 1 2 3 5 6 8 9 11 12 14 15 16 17 | 17.4
Axes           | 1 2 3 5 6 7 8 9 10 11 12 13 | 13.2
Maces & Flails | 1 2 3 5 6 7 8 9 10 11 12 13 | 13.2
Polearms       | 1 2 3 5 6 7 8 9 10 11 12 13 | 13.2
Staves         | 1 2 3 5 6 7 8 9 10 11 12 13 | 13.2
Throwing       | 1 2 3 5 6 8 9 11 12 13 14 16 17 18 | 18.1
Armour         | 1 2 3 5 6 7 8 9 10 11 12 13 | 13.2
Shields        | 1 2 3 5 6 7 8 9 10 11 12 13 | 13.2
Unarmed Combat | 1 2 3 5 6 7 8 9 10 11 12 13 | 13.2
Spellcasting   | 1 2 3 5 6 7 8 9 10 11 12 13 | 13.2
Evocations     | 1 2 3 5 6 7 8 9 10 11 12 13 | 13.2
Conjurations   | 1 2 3 4 5 6 7 8 9 10 11 | 11.2
Hexes          | 1 2 3 4 5 6 7 8 9 10 11 | 11.2
Summonings     | 1 2 3 4 5 6 7 8 9 10 11 | 11.2
Necromancy     | 1 2 3 4 5 6 7 8 9 10 11 | 11.2
Translocations | 1 2 3 4 5 6 7 8 9 10 11 | 11.2
Transmutations | 1 2 3 4 5 6 7 8 9 10 11 | 11.2
Fire Magic     | 1 2 3 4 5 6 7 8 9 10 11 | 11.2
Ice Magic      | 1 2 3 4 5 6 7 8 9 10 11 | 11.2
Air Magic      | 1 2 3 4 5 6 7 8 9 10 11 | 11.2
Earth Magic    | 1 2 3 4 5 6 7 8 9 10 11 | 11.2
Poison Magic   | 1 2 3 4 5 6 7 8 9 10 11 | 11.2
Stealth        | 3 4 5 6 7 8 9 10 11 12 13 | 13.4
Fighting       | 5 6 7 8 9 10 11 12 13 14 | 14.0
Dodging        | 5 6 7 8 9 10 11 12 13 14 | 14.0
Ranged Weapons | 9 10 11 12 13 14 15 | 15.5

Action                   |  1- 3 |  4- 6 |  7- 9 | 10-12 | 13-15 | 16-18 | 19-21 || total
-------------------------+-------+-------+-------+-------+-------+-------+-------++-------
Melee: Dagger            |       |       |    25 |    15 |       |       |       ||    40
       Bite              |       |       |     6 |     5 |    38 |    35 |       ||    84
       Punch             |       |       |     3 |     2 |    23 |    21 |     1 ||    50
       Quarterstaff      |       |       |       |     5 |    44 |       |       ||    49
       Spear             |       |       |       |       |   143 |   120 |       ||   263
       War axe           |       |       |       |       |    62 |    25 |       ||    87
       Broad axe         |       |       |       |       |       |    47 |     4 ||    51
 Fire: Shortbow          |    84 |   144 |   143 |   403 |   870 |   963 |       ||  2607
Invok: Ancestor Life: Ba |       |       |     1 |       |       |       |       ||     1
       Recall Ancestor   |       |       |       |       |     3 |     4 |       ||     7
       Idealise          |       |       |       |       |       |     1 |       ||     1
Evoke: Wand              |       |     2 |     8 |     7 |    12 |     7 |       ||    36
       Lightning rod     |       |       |       |       |     2 |       |       ||     2
       Condenser vane    |       |       |       |       |     1 |     2 |       ||     3
  Use: Scroll            |       |       |       |    17 |    15 |     7 |     2 ||    41
       Potion            |       |       |       |     2 |       |       |       ||     2
 Stab: Sleeping          |       |       |       |       |     2 |       |       ||     2
       Distracted        |       |       |       |       |     3 |     7 |       ||    10
Armor: Leather armour    |     1 |     5 |     4 |       |       |       |       ||    10
       Swamp dragon scal |       |       |    14 |    22 |       |       |       ||    36
       Ring mail         |       |       |       |       |   122 |    78 |       ||   200
Dodge: Dodged            |    22 |    27 |    44 |    75 |   306 |   294 |     7 ||   775

Table legend: (Time is in decaauts)
 A = Elapsed time spent in this place.
 B = Non-inter-level travel time spent in this place.
 C = Inter-level travel time spent in this place.
 D = Time resting spent in this place.
 E = Time spent auto-exploring this place.
 F = Levels seen in this place.
 G = Mean time per level.
                   A        B        C        D        E       F      G
               +--------+--------+--------+--------+--------+-----+--------+
         Total |  32078 |  29852 |   2226 |   5393 |  19045 |  32 | 1002.4 |
       Dungeon |  15504 |  14587 |    917 |   2164 |  10176 |  15 | 1033.6 |
          Lair |   6066 |   5579 |    487 |   1374 |   3117 |   5 | 1213.2 |
        Shoals |   4125 |   3830 |    295 |    780 |   2312 |   4 | 1031.2 |
     Snake Pit |   3752 |   3351 |    401 |    410 |   2411 |   4 |  938.0 |
  Orcish Mines |   2036 |   1910 |    126 |    570 |    880 |   2 | 1018.0 |
      Ice Cave |    122 |    122 |      0 |     68 |      8 |   1 |  122.0 |
      Gauntlet |    470 |    470 |      0 |     26 |    140 |   1 |  470.0 |
               +--------+--------+--------+--------+--------+-----+--------+

Top non-repeatable levels by time:
  Lair:1: 1691 daAuts
  Lair:5: 1690 daAuts
 Snake:2: 1559 daAuts
    D:14: 1445 daAuts
   Orc:1: 1359 daAuts
     D:9: 1325 daAuts
     D:8: 1217 daAuts
Shoals:3: 1163 daAuts
     D:4: 1161 daAuts
    D:11: 1138 daAuts
Shoals:4: 1103 daAuts
     D:7: 1100 daAuts
  Lair:3: 1074 daAuts
    D:10: 1062 daAuts
 Snake:3: 1056 daAuts
